 Dungeon Crawl Stone Soup version 0.28.0 (webtiles) character file.

Game seed: 1409860082284281221

772 zeram the Sneak (level 7, -3/46 HPs)
             Began as an Octopode Fighter on Feb 10, 2022.
             Was a Follower of Dithmenos.
             Slain by a gnoll sergeant (9 damage)
             ... on level 6 of the Dungeon on Feb 12, 2022.
             The game lasted 00:09:48 (5677 turns).

zeram the Sneak (Octopode Fighter)                  Turns: 5677, Time: 00:09:49

Health: -3/46      AC:  1    Str: 17    XL:     7   Next: 83%
Magic:  7/7        EV:  8    Int: 10    God:    Dithmenos [*.....]
Gold:   215        SH:  0    Dex: 12    Spells: 6/6 levels left

rFire   . . .      SeeInvis .   a - +0 rapier
rCold   + . .      Faith    .   b - +1 buckler
rNeg    . . .      Spirit   .   (helmet restricted)
rPois   .          Reflect  .   (no amulet)
rElec   .          Harm     .   n - ring of protection from cold
rCorr   .          Rampage  .   m - ring of wizardry
Will    .....                   (no ring)
Stlth   +++++.....              (no ring)
HPRegen 0.15/turn               (no ring)
MPRegen 0.10/turn               (no ring)
                                (no ring)
                                (no ring)

@: held, wreathed by umbra
A: almost no armour, amphibious, 8 rings, camouflage 1, gelatinous body 1,
(nimble swimmer 1), tentacles
a: Renounce Religion


You were on level 6 of the Dungeon.
You worshipped Dithmenos.
Dithmenos was aware of your devotion.
You visited 2 branches of the dungeon, and saw 7 of its levels.
You also visited: Sewer.

You collected 285 gold pieces.
You spent 70 gold pieces at shops.

Inventory:

Hand Weapons
 a - a +0 rapier (weapon)
Armour
 b - a +1 buckler (worn)
Jewellery
 m - a ring of wizardry (right tentacle)
 n - a ring of protection from cold (left tentacle)
Wands
 p - a wand of mindburst (12)
 q - a wand of flame (26)
Scrolls
 c - 2 scrolls of vulnerability {unknown}
 d - a scroll of noise {unknown}
 f - 6 scrolls of teleportation
 i - a scroll of enchant armour
 k - a scroll of acquirement {unknown}
 r - a scroll of blinking {unknown}
Potions
 e - a potion of magic
 h - a potion of curing
 j - 3 potions of mutation
 l - a potion of attraction
 o - a potion of degeneration {unknown}
 s - a potion of berserk rage {unknown}


   Skills:
 - Level 3.0 Fighting
 + Level 5.5 Short Blades
 + Level 4.5 Dodging
 + Level 6.9 Stealth
 + Level 3.9 Shields


You had 6 spell levels left.
You didn't know any spells.
Your spell library was empty.

Dungeon Overview and Level Annotations

Branches:
Dungeon (6/15)             Temple (1/1) D:4           Sewer (visited)

Altars:
Ashenzari
Cheibriados
Dithmenos
Elyvilon
Fedhas
Hepliaklqana
Kikubaaqudgha
Nemelex Xobeh
Qazlal
Ru
Trog
Vehumet
Wu Jian
Yredelemnul

Shops:
D:2 !   D:6 *


Innate Abilities, Weirdness & Mutations

You cannot wear most types of armour.
You are amphibious.
You can wear up to eight rings at the same time.
Your skin changes colour to match your surroundings (Stealth+).
Your rubbery body absorbs attacks. (AC +1, EV +1)
((You are camouflaged when in or above water. (Stealth+)))
You have tentacles for arms and can constrict up to eight enemies at once.


Message History

There is an open gate here.
You puncture the gnoll! You grab the gnoll.
The gnoll is severely wounded.
You constrict the gnoll. The gnoll closely misses you.
Okay, then.
You hit the gnoll.
The gnoll is almost dead.
You constrict the gnoll. The gnoll hits you with a +0 club.
The gnoll misses you. You block the gnoll's attack.
The gnoll sergeant hits you from afar with a +0 spear!
You hit the gnoll.
You kill the gnoll!
Dithmenos accepts your kill.
The gnoll throws a throwing net.
The throwing net hits you.
You become entangled in the net!
Unknown command.
Unknown command.
You struggle against the net.
The gnoll sergeant hits you from afar with a +0 spear!
A gnoll comes into view. It is wielding a +0 whip.
The gnoll barely misses you.
You tear a large gash into the net.
The gnoll sergeant hits you from afar with a +0 spear!
* * * LOW HITPOINT WARNING * * *
The gnoll barely misses you. The gnoll hits you with a +0 flail!
* * * LOW HITPOINT WARNING * * *
The gnoll completely misses you.
Unknown command.
You feel much better.
The gnoll sergeant hits you from afar with a +0 spear!
* * * LOW HITPOINT WARNING * * *
The gnoll closely misses you.
A gnoll comes into view. It is wielding a +0 spear.
The gnoll hits you with a +0 flail!
* * * LOW HITPOINT WARNING * * *
The gnoll hits you from afar with a +0 spear.
* * * LOW HITPOINT WARNING * * *
You feel better.
The gnoll sergeant hits you from afar with a +0 spear!
You die...

###...>....# #......#
..........# #g.....#
#........# #..g...#
##........#+++#......#
#.........#...#.....#
#≈.≈.....'.♣.'.....#
#≈.≈.....'.♣g')....#
#≈.≈##...'.♣ggg....#
#≈≈≈######..@#.....#
###..## #'''#....$#
#....#### #...#...##..
#.......####._.#..##
#..
#.........##...#.## ##
#..........#######
###.............#
.###............. .#
#.............


You could see a gnoll sergeant and 5 gnolls.

Vanquished Creatures
  An ice beast (D:6)
  A black bear (D:5)
  A centaur (D:5)
  An ogre (D:5)
  A bullfrog zombie (D:6)
  An orc priest (D:3)
  Crazy Yiuf (D:5)
  Jessica (D:3)
  An iguana (D:5)
  4 adders
  8 gnolls
  A howler monkey skeleton (D:2)
  4 river rats (Sewer)
  2 ufetubi
  2 worms
  3 dart slugs
  6 orcs
  3 endoplasms
  2 giant cockroaches
  5 goblins
  10 hobgoblins
  7 jackals
  6 quokkas
  15 ball pythons
  5 bats
  6 frilled lizards
  6 kobolds
  11 rats
115 creatures vanquished.

Notes
Turn   | Place    | Note
-------+----------+-------------------------------------------
     0 | D:1      | zeram the Octopode Fighter began the quest for the Orb.
     0 | D:1      | Reached XP level 1. HP: 16/16 MP: 1/1
    40 | D:1      | Reached XP level 2. HP: 5/21 MP: 2/2
   301 | D:1      | Found a faded altar of an unknown god.
   912 | D:1      | Reached XP level 3. HP: 24/26 MP: 3/3
  1126 | D:2      | Found Emorovve's Distillery.
  1320 | D:2      | Bought a potion of heal wounds for 70 gold pieces
  1443 | D:2      | Reached skill level 1 in Stealth
  1511 | D:2      | Found a sacrificial altar of Ru.
  1553 | D:2      | Reached XP level 4. HP: 4/31 MP: 4/4
  2260 | D:2      | Reached skill level 2 in Stealth
  2641 | D:3      | Found an ancient bone altar of Kikubaaqudgha.
  2702 | D:3      | Reached XP level 5. HP: 36/36 MP: 5/5
  2804 | D:3      | Noticed Jessica
  2813 | D:3      | Killed Jessica
  2814 | D:3      | Reached skill level 3 in Stealth
  3491 | D:4      | Found a staircase to the Ecumenical Temple.
  3512 | Temple   | Entered the Ecumenical Temple
  3642 | Temple   | Became a worshipper of Dithmenos the Shadowed
  3683 | D:5      | Entered Level 5 of the Dungeon
  3685 | D:5      | Found a glowing drain.
  3704 | Sewer    | Entered a sewer
  3795 | Sewer    | Reached skill level 4 in Stealth
  3795 | Sewer    | Reached XP level 6. HP: 42/42 MP: 6/6
  4129 | D:5      | Noticed a black bear
  4147 | D:5      | Killed a black bear
  4150 | D:5      | Reached skill level 5 in Stealth
  4150 | D:5      | Reached XP level 7. HP: 28/46 MP: 7/7
  4340 | D:5      | Reached skill level 5 in Short Blades
  4450 | D:5      | Reached skill level 6 in Stealth
  4472 | D:5      | Found a blossoming altar of Fedhas.
  4788 | D:5      | Reached * piety under Dithmenos
  4917 | D:5      | Found a broken altar of Ashenzari.
  5013 | D:5      | Found a runed translucent door.
  5014 | D:5      | Noticed Crazy Yiuf
  5052 | D:5      | Found a basalt altar of Yredelemnul.
  5224 | D:5      | Killed Crazy Yiuf
  5409 | D:6      | Found Eddosmea's General Store.
  5420 | D:6      | HP: 2/46 [ice beast (5)]
  5659 | D:6      | Found a snail-covered altar of Cheibriados.
  5676 | D:6      | HP: 1/46 [gnoll (5)]
  5677 | D:6      | Slain by a gnoll sergeant

Illustrated notes

Levels and vault maps discovered:
D:1:      dpeg_arrival_tiny_f, layout_basic, hellmonk_ecumenical_altar_blasted
D:2:      minmay_diamond_boxcup, layout_rooms, serial_shops, shop, basic_altar
D:3:      layout_rooms, nicolae_kikubaaqudgha_miasma_corner,
          kennysheep_jessica_study
D:4:      layout_gridville, minmay_temple_entry_grid, grunt_ministairs_8
D:5:      layout_basic, mainiacjoe_overflow_six_doors_small, lemuel_round_altar,
          mainiacjoe_overflow_24_doors, cheibrodos_sewer_entry_drain,
          uniq_crazy_yiuf_cottage
D:6:      layout_cave_pods, mainiacjoe_overflow_big_doors, serial_shops, shop,
          hex_tiny, chequers_serial_rivers_micro_d, uniq_edmund
Temple:   nicolae_temple_figure_zero

Skill      XL: |  1  2  3  4  5  6  7 |
---------------+----------------------+-----
Stealth        | 1 2 4 5 6 |  6.9
Short Blades   | 3 4 5 |  5.5
Dodging        | 4 |  4.5
Fighting       | |  3.0
Shields        | |  3.9

Action                   |  1- 3 |  4- 6 |  7- 9 || total
-------------------------+-------+-------+-------++-------
Melee: Rapier            |    54 |   118 |    47 ||   219
       Tentacles         |     7 |    18 |    15 ||    40
       Constrict         |    14 |    25 |     9 ||    48
       Punch             |       |     1 |       ||     1
  Use: Scroll            |     1 |     6 |     3 ||    10
       Potion            |       |     3 |     4 ||     7
 Stab: Sleeping          |     6 |    29 |     2 ||    37
Armor: Skin              |     3 |     3 |       ||     6
Dodge: Dodged            |    26 |    61 |    33 ||   120
Block: Buckler           |     9 |    31 |     7 ||    47
